 Dungeon Crawl Stone Soup version 0.27.1-3-gb3d3a73c9e (webtiles) character file.

Game seed: 9605288468669294372

3383 pkoi the Grappler (level 9, -2/72 HPs)
             Began as a Pale Draconian Transmuter on Oct 26, 2021.
             Was a Believer of Cheibriados.
             Slain by a manticore (25 damage)
             ... on level 7 of the Dungeon.
             The game lasted 00:09:40 (8489 turns).

pkoi the Grappler (Pale Draconian Transmuter)       Turns: 8489, Time: 00:09:41

Health: -2/72      AC:  2    Str: 24    XL:     9   Next: 74%
Magic:  9/12       EV: 22    Int: 20    God:    Cheibriados [**....]
Gold:   293        SH:  5    Dex: 20    Spells: 3/13 levels left

rFire    . . .     SeeInvis .     - Unarmed
rCold    . . .     Faith    .   (shield currently unavailable)
rNeg     . . .     Spirit   .   (armour unavailable)
rPois    x         Reflect  +   (helmet currently unavailable)
rElec    .         Harm     .   (cloak currently unavailable)
rCorr    .         Rampage  .   (gloves currently unavailable)
Will     +....                  (boots currently unavailable)
Stlth    ++........             b - amulet of reflection
HPRegen  0.22/turn              e - +6 ring of strength
MPRegen  0.13/turn              k - ring of willpower

@: spider-form, very slow
A: venomous fangs, (breathe steam), AC +7, tiny, unfitting armour,
(cold-blooded), (steam resistance)
a: End Transformation, Renounce Religion, Bend Time


You were on level 7 of the Dungeon.
You worshipped Cheibriados.
Cheibriados was pleased with you.
You were a venomous arachnid creature.
You visited 2 branches of the dungeon, and saw 8 of its levels.

You collected 293 gold pieces.

Inventory:

Hand Weapons
 m - the +9 short sword of the Demagogue {vamp, Int+4}
   (You found it on level 5 of the Dungeon)

   It occasionally heals its wielder for a portion of the damage dealt when it
   wounds a living foe.
   Int:       It affects your intelligence (+4).
Missiles
 i - 22 poisoned darts
Armour
 f - a +1 pair of gloves (melded)
Jewellery
 b - an amulet of reflection (around neck)
 e - a +6 ring of strength (left front leg)
 k - a ring of willpower (right front leg)
Wands
 g - a wand of mindburst (17)
Scrolls
 c - 2 scrolls of brand weapon
 j - a scroll of identify
Potions
 a - 2 potions of brilliance
 d - a potion of lignification {unknown}
 h - a potion of haste {unknown}
 l - a potion of berserk rage {unknown}
 n - a potion of attraction {unknown}
 o - a potion of degeneration {unknown}


   Skills:
 + Level 4.6 Fighting
 + Level 4.2 Dodging
 + Level 9.3 Unarmed Combat
 + Level 2.6 Spellcasting
 - Level 3.4 Translocations
 + Level 5.9 Transmutations
 - Level 1.3 Ice Magic
 - Level 4.8 Poison Magic
 + Level 1.0 Invocations


You had 3 spell levels left.
You knew the following spells:

 Your Spells              Type           Power      Damage    Failure   Level
a - Beastly Appendage     Tmut           52%        N/A       6%          1
b - Blink                 Tloc           N/A        N/A       16%         2
c - Spider Form           Tmut/Pois      12%        N/A       14%         3
d - Ice Form              Ice/Tmut       17%        N/A       54%         4

Your spell library contained the following spells:

 Spells                   Type           Power      Damage    Failure   Level
 Wereblood                Tmut           26%        N/A       8%          2
 Animate Skeleton         Necr           4%         N/A       34%         1
 Corona                   Hex            2%         N/A       34%         1
 Magic Dart               Conj           8%         1d3       34%         1
 Pain                     Necr           8%         1d4       34%         1
 Ensorcelled Hibernation  Hex/Ice        10%        N/A       36%         2
 Searing Ray              Conj           4%         3d3       43%         2
 Tukima's Dance           Hex            2%         N/A       63%         3
 Vampiric Draining        Necr           1%         2d6       63%         3
 Manifold Assault         Tloc           16%        N/A       86%         5
 Fulminant Prism          Conj/Hex       1%         3d6       94%         4
 Storm Form               Tmut/Air       7%         N/A       100%        7


Dungeon Overview and Level Annotations

Branches:
Dungeon (7/15)             Temple (1/1) D:5

Altars:
Ashenzari
Cheibriados
Dithmenos
Fedhas
Gozag
Hepliaklqana
Kikubaaqudgha
Makhleb
Nemelex Xobeh
Okawaru
Qazlal
Ru
Sif Muna
Trog
Uskayaw
Vehumet
Xom
Yredelemnul
Zin

Annotations:
D:2 1 runed translucent door, Crazy Yiuf
D:5 2 transporters


Innate Abilities, Weirdness & Mutations

You are a venomous arachnid creature.
You have poisonous fangs.
You are tiny and dextrous.
Your spellcasting is less reliable in this form.
Your armour is entirely melded.
You are incapable of wielding weapons or throwing items.
((You can breathe blasts of scalding, opaque steam.))
((Your pale cyan-grey scales are hard. (AC +7)))
You cannot fit into any form of body armour.
((You are cold-blooded and may be slowed by cold attacks.))
((You are immune to the effects of steam.))


Message History

There is a stone staircase leading down here.
You climb downwards.
Found a chain mail.
Found a stone staircase leading down.
There is a stone staircase leading up here.
There are monsters nearby!
Unknown command.
Casting: Beastly Appendage (safe; 1% risk of failure)
Confirm with . or Enter, or press ? or * to list all spells.
You turn into a venomous arachnid creature.
Your +1 pair of gloves melds into your body.
The manticore completely misses you. The manticore claws you!
The manticore closely misses you. The ice beast closely misses you.
Unknown command.
You barely miss the manticore. The ice beast closely misses you.
The manticore bites you!! The manticore misses you.
The manticore closely misses you.
You hit the manticore.
The manticore is poisoned.
The manticore is lightly wounded.
The manticore bites you. The manticore claws you.
* * * LOW HITPOINT WARNING * * *
The manticore misses you. The ice beast barely misses you.
You hit the manticore but do no damage.
The manticore looks as sick as possible!
The manticore is lightly wounded.
You bite the manticore!
The manticore looks as sick as possible!
The manticore is moderately wounded.
You block the manticore's attack. The manticore barely misses you.
The manticore completely misses you. The ice beast misses you.
You maul the manticore!!
The manticore is severely wounded.
You block the manticore's attack. The manticore barely misses you.
The manticore closely misses you. The ice beast hits you.
* * * LOW HITPOINT WARNING * * *
The ice beast freezes you!
* * * LOW HITPOINT WARNING * * *
You bite the manticore!
The manticore is almost dead.
The manticore bites you!!
You die...

##.......##
#..........
#..........
#.........#
#..........
#.........#
##.........
#..<...[..#
#..s......#
#..YH..>..#
#.........#
#.........#
##.......##
##.....##
#######


You could see a manticore (extremely poisoned) and an ice beast.

Vanquished Creatures
  6 yaks
  Edmund (D:6)
  A water moccasin (D:6)
  An orc warrior (D:4)
  6 ogres
  A black bear (D:6)
  A centaur (D:5)
  2 phantoms (D:4)
  2 bullfrogs (D:6)
  A gnoll sergeant (D:6)
  A water moccasin zombie (D:5)
  2 scorpions (D:5)
  3 killer bees (D:6)
  2 bullfrog zombies (D:5)
  5 hounds
  A centaur zombie (D:5)
  5 orc priests
  A bullfrog skeleton (D:5)
  2 jellies (D:6)
  A scorpion zombie (D:3)
  3 iguanas
  An orc wizard (D:6)
  8 gnolls
  6 adders
  An ufetubus (D:5)
  An adder skeleton (D:4)
  A worm (D:3)
  A dart slug (D:1)
  17 orcs
  5 ball pythons
  4 bats
  7 endoplasms
  2 giant cockroaches
  8 goblins
  7 hobgoblins
  5 jackals
  8 kobolds
  4 quokkas
  2 frilled lizards
  7 rats
143 creatures vanquished.

Vanquished Creatures (others)
  A hobgoblin (D:3)
  5 withered plants (D:3)
6 creatures vanquished.

Grand Total: 149 creatures vanquished

Notes
Turn   | Place    | Note
-------+----------+-------------------------------------------
     0 | D:1      | pkoi the Draconian Transmuter began the quest for the Orb.
     0 | D:1      | Reached XP level 1. HP: 16/16 MP: 3/3
   192 | D:1      | Reached XP level 2. HP: 23/23 MP: 5/5
   519 | D:1      | Reached skill level 4 in Unarmed Combat
   764 | D:1      | Reached XP level 3. HP: 28/28 MP: 6/6
  1149 | D:2      | Found a sparkling altar of Nemelex Xobeh.
  1768 | D:2      | Found a runed translucent door.
  1769 | D:2      | Noticed Crazy Yiuf
  1839 | D:2      | Learned a level 2 spell: Blink
  1840 | D:3      | Noticed an ogre
  1848 | D:2      | Reached XP level 4. HP: 35/35 MP: 5/7
  1852 | D:2      | Learned a level 3 spell: Spider Form
  1898 | D:2      | Killed an ogre
  1899 | D:2      | Reached skill level 5 in Unarmed Combat
  1899 | D:2      | Reached skill level 1 in Translocations
  1899 | D:2      | Reached skill level 1 in Poison Magic
  1899 | D:2      | Reached XP level 5. HP: 20/40 MP: 6/8
  2317 | D:3      | Found a faded altar of an unknown god.
  2986 | D:4      | Noticed an ogre
  2997 | D:3      | Killed an ogre
  2998 | D:3      | Reached XP level 6. HP: 37/47 MP: 7/9
  3230 | D:4      | Reached skill level 6 in Unarmed Combat
  3679 | D:4      | Found a shadowy altar of Dithmenos.
  3771 | D:4      | Your scales start taking on a pale cyan-grey colour.
  3771 | D:4      | Reached XP level 7. HP: 41/52 MP: 8/10
  3771 | D:4      | Gained mutation: You are immune to the effects of steam.
                  | [Pale Draconian growth]
  4565 | D:5      | Entered Level 5 of the Dungeon
  4681 | D:5      | Reached skill level 7 in Unarmed Combat
  5220 | D:5      | Found a staircase to the Ecumenical Temple.
  5260 | Temple   | Entered the Ecumenical Temple
  5462 | Temple   | Became a worshipper of Cheibriados the Contemplative
  5501 | D:5      | Reached XP level 8. HP: 50/59 MP: 9/11
  5851 | D:5      | Found a transporter.
  5876 | D:5      | Identified the +9 short sword of the Demagogue {vamp,
                  | Int+4}
  6089 | D:5      | Found a hide-covered altar of Uskayaw.
  6193 | D:5      | Found a transporter.
  6468 | D:6      | Reached skill level 8 in Unarmed Combat
  6488 | D:6      | Reached skill level 5 in Transmutations
  6493 | D:6      | Reached * piety under Cheibriados
  6494 | D:6      | Reached XP level 9. HP: 23/70 MP: 12/12
  7222 | D:6      | Learned a level 4 spell: Ice Form
  7320 | D:6      | Reached skill level 9 in Unarmed Combat
  7399 | D:6      | Reached ** piety under Cheibriados
  7634 | D:6      | Reached skill level 1 in Ice Magic
  8067 | D:6      | Found an iron altar of Okawaru.
  8092 | D:6      | Noticed Edmund
  8104 | D:6      | Killed Edmund
  8321 | D:6      | Reached skill level 1 in Invocations
  8481 | D:7      | Noticed a manticore
  8489 | D:7      | Slain by a manticore

Illustrated notes

Levels and vault maps discovered:
D:1:      scummos_arrival_star, layout_rooms
D:2:      layout_basic, basic_altar, uniq_crazy_yiuf_cottage
D:3:      layout_rooms, ebering_ecumenical_altar_petrified, lemuel_flame_loot_1
D:4:      layout_basic, nicolae_dithmenos_shadow_blocks
D:5:      gammafunk_wand_slinger, layout_gridville,
          mainiacjoe_overflow_surrounded_room, minmay_temple_entry_nine_rooms
D:6:      layout_basic, old_standard_altar, minmay_hedge_maze,
          roderic_three_in_a_row, small_statue_intersection, uniq_edmund
D:7:      cheibrodos_two_vegetables, layout_rooms
Temple:   nicolae_temple_elliptical

Skill      XL: |  1  2  3  4  5  6  7  8  9 |
---------------+----------------------------+-----
Unarmed Combat | 4 5 6 7 8 9 |  9.3
Translocations | 1 2 3 |  3.4
Poison Magic   | 1 2 3 4 |  4.8
Transmutations | 3 4 5 |  5.9
Dodging        | 3 4 |  4.2
Fighting       | 3 4 |  4.6
Ice Magic      | 1 |  1.3
Invocations    | 1 |  1.0
Spellcasting   | |  2.6

Action                   |  1- 3 |  4- 6 |  7- 9 || total
-------------------------+-------+-------+-------++-------
Melee: Unarmed           |   166 |   145 |   216 ||   527
       Tailslap          |     9 |    17 |    38 ||    64
       Punch             |     1 |     3 |     9 ||    13
       Headbutt          |     3 |     8 |    21 ||    32
       Kick              |     2 |    13 |    34 ||    49
       Short sword       |       |       |    23 ||    23
 Cast: Beastly Appendage |     2 |     9 |    12 ||    23
       Spider Form       |       |       |     4 ||     4
 Abil: Breathe Steam     |       |       |     3 ||     3
       End Transformatio |       |       |     1 ||     1
  Use: Scroll            |     6 |     3 |     3 ||    12
 Stab: Sleeping          |     3 |     1 |     1 ||     5
       Distracted        |     1 |       |       ||     1
Armor: Skin              |    56 |    34 |    62 ||   152
Dodge: Dodged            |    97 |    61 |   154 ||   312
Block: Other             |    21 |    35 |    47 ||   103
       Reflection        |       |       |     1 ||     1
